[Event "Titled Tuesday Blitz August 16 Late 2022"]
[White "Gomez Ledo, Roberto Carlos"]
[Black "Winterberg, Lukas"]
[WhiteFideId "3507076"]
[BlackFideId "24622702"]
[WhiteElo "2379"]
[BlackElo "2349"]
[Result "1/2-1/2"]
[Round "03"]
[TimeControl "180+1"]
[Date "2022.08.16"]
[WhiteClock "0:00:07"]
[BlackClock "0:00:07"]

1. d4 Nf6 2. Bf4 d5 3. e3 c5 4. c3 Nc6 5. Nd2 cxd4 6. exd4 Bf5 7. Ngf3 e6 8. Be2 Bd6 9. Bxd6 Qxd6 10. O-O h6 11. a4 O-O 12. Re1 a6 13. a5 Ne4 14. Nxe4 Bxe4 15. Nd2 Bg6 16. Nb3 Qc7 17. Ra3 Rad8 18. Bd3 Bxd3 19. Qxd3 Rfe8 20. Qg3 e5 21. dxe5 Nxe5 22. Raa1 Qc4 23. Nd4 Ng6 24. Nf5 Rxe1+ 25. Rxe1 Qc8 26. Nd4 Re8 27. Rxe8+ Qxe8 28. h3 Qe1+ 29. Kh2 Qe5 30. Nf3 Qf4 31. b4 Kf8 32. Nd4 Ke7 33. Nb3 Kd6 34. Nc5 Kc6 35. Kg1 Qxg3 36. fxg3 Ne5 37. Kf2 Nd7 38. Nxd7 Kxd7 39. Ke3 Ke6 40. Kd4 Kd6 41. g4 f6 42. h4 g6 43. h5 g5 44. g3 Kc6 45. c4 dxc4 46. Kxc4 Kd6 47. b5 axb5+ 48. Kxb5 Kc7 49. Kc5 Kd7 50. Kd5 Ke7 51. Kc5 Kd7 52. Kb6 Kc8 53. Kb5 Kd7 54. Kc5 Kc7 55. Kd5 Kd7 56. Kc5 Kc7 57. Kb5 Kd7 58. Kc5 1/2-1/2


[Site "https://www.chess.com"]

[Event "Titled Tuesday Blitz August 16 Late 2022"]
[White "Goncalves, Davi Sulzbacher"]
[Black "Eljanov, Pavel"]
[WhiteFideId "2154510"]
[BlackFideId "14102951"]
[WhiteElo "2107"]
[BlackElo "2601"]
[Result "1-0"]
[Round "03"]
[TimeControl "180+1"]
[Date "2022.08.18"]
[WhiteClock "0:00:00"]
[BlackClock "0:00:00"]

1. d4 c6 2. c4 d5 3. Nc3 Nf6 4. Nf3 a6 5. c5 Bf5 6. Bf4 Nh5 7. Bd2 Nd7 8. Nh4 Bg6 9. Nxg6 hxg6 10. e4 dxe4 11. Nxe4 Ndf6 12. Ng5 Nd5 13. Qf3 Nhf6 14. Bd3 e6 15. O-O-O Qd7 16. Rhe1 O-O-O 17. Ba5 Re8 18. h3 Rh4 19. g4 Rh8 20. Bc2 Re7 21. Kb1 Nh7 22. Ne4 Re8 23. a3 f5 24. Nd2 Ng5 25. Qg2 Rxh3 26. gxf5 Rh5 27. fxe6 Rxe6 28. f4 Nxf4 29. Qf1 Ngh3 30. Nc4 Kb8 31. Ne5 Qe8 32. Bxg6 Rxg6 33. Nxg6 Qxg6+ 34. Ka1 Qf7 35. Re3 Rf5 36. Rde1 Ne6 37. Qxf5 Qxf5 38. Rxe6 b5 39. Re8+ Kb7 40. Rd8 Nf2 41. Bb6 1-0


[Site "https://www.chess.com"]

[Event "Titled Tuesday Blitz August 16 Late 2022"]
[White "Goryachkina, Aleksandra"]
[Black "Kalavannan, Koby"]
[WhiteFideId "4147103"]
[BlackFideId "425753"]
[WhiteElo "2426"]
[BlackElo "1927"]
[Result "1-0"]
[Round "03"]
[TimeControl "180+1"]
[Date "2022.08.18"]
[WhiteClock "0:00:00"]
[BlackClock "0:00:00"]

1. e4 c5 2. Nf3 Nc6 3. Bb5 Nf6 4. Nc3 Qc7 5. d3 Nd4 6. Bc4 a6 7. Nxd4 cxd4 8. Nd5 Nxd5 9. Bxd5 e6 10. Bb3 b5 11. O-O Be7 12. Bd2 Bb7 13. c3 dxc3 14. Bxc3 O-O 15. Qg4 f6 16. Rac1 Qb6 17. d4 b4 18. Bd2 Qxd4 19. Rc7 Bc6 20. Bxe6+ Kh8 21. Bxd7 Bd6 22. Rxc6 Qxd2 23. Bf5 Qf4 24. Qh5 g6 25. Bxg6 Qxh2+ 26. Qxh2 Bxh2+ 27. Kxh2 hxg6 28. Rd1 Rf7 29. Rdd6 a5 30. Rxf6 Rxf6 31. Rxf6 Kg7 32. Rb6 Re8 33. f3 Re5 34. Kg3 g5 35. b3 Rc5 36. Ra6 Kf7 37. Kg4 Rc2 38. Rxa5 Rxg2+ 39. Kh5 Rg3 40. Rxg5 Rh3+ 41. Kg4 Rh2 42. Rb5 Rxa2 43. Rxb4 Ke6 44. Kf4 Rh2 45. Rb6+ Ke7 46. b4 Rh4+ 47. Ke3 Rh1 48. f4 Re1+ 49. Kd4 Rd1+ 50. Ke5 Rb1 51. Rb7+ Kd8 52. f5 Kc8 53. Rb5 Rh1 54. Ke6 Rh4 55. e5 1-0


[Site "https://www.chess.com"]

[Event "Titled Tuesday Blitz August 16 Late 2022"]
[White "Grot, Blazej"]
[Black "Mirimanian, Hayk"]
[WhiteFideId "21835845"]
[BlackFideId "4700180"]
[WhiteElo "1614"]
[BlackElo "2280"]
[Result "1-0"]
[Round "03"]
[TimeControl "180+1"]
[Date "2022.08.18"]
[WhiteClock "0:00:00"]
[BlackClock "0:00:00"]

1. e4 c5 2. Nc3 a6 3. g3 b5 4. Bg2 e6 5. d3 Bb7 6. Be3 Nf6 7. Qd2 Ng4 8. Nd1 Nxe3 9. Nxe3 Be7 10. f4 O-O 11. Nf3 d5 12. e5 Nd7 13. O-O f6 14. exf6 Bxf6 15. c3 e5 16. fxe5 Nxe5 17. Nxe5 Bxe5 18. Rxf8+ Kxf8 19. Qf2+ Kg8 20. Rf1 Qd7 21. Qf5 Qxf5 22. Rxf5 Bf6 23. Nxd5 Bd8 24. Re5 Kf7 25. Rf5+ Kg8 26. Re5 Kf7 27. Nf4 Bxg2 28. Kxg2 Rc8 29. Rf5+ Kg8 30. Ne6 Be7 31. Re5 Kf7 32. Nf4 g6 33. Re4 Rd8 34. d4 b4 35. dxc5 bxc3 36. bxc3 Rd2+ 37. Re2 Rxe2+ 38. Nxe2 Bxc5 39. Kf3 Ke6 40. Ke4 Bf2 41. Nd4+ Kd6 42. Nb3 Kc6 43. g4 Bh4 44. a4 Kb6 45. Kd3 Bf6 46. Kc4 Be5 47. h3 Bf6 48. a5+ Kc6 49. Nd4+ Kd6 50. Nb3 Bd8 51. Nd4 Bxa5 52. h4 Bd8 53. h5 Ke5 54. Nc6+ Kf4 55. Nxd8 Kxg4 56. hxg6 hxg6 57. Kd5 Kf3 58. c4 g5 59. Nf7 g4 60. Ne5+ Kf4 61. Nxg4 Kf5 62. c5 a5 63. c6 a4 64. c7 a3 65. c8=Q+ 1-0


[Site "https://www.chess.com"]

[Event "Titled Tuesday Blitz August 16 Late 2022"]
[White "Gubajdullin, Alexei"]
[Black "Abdrlauf, Elham"]
[WhiteFideId "4141202"]
[BlackFideId "1533533"]
[WhiteElo "2214"]
[BlackElo "2430"]
[Result "1-0"]
[Round "03"]
[TimeControl "180+1"]
[Date "2022.08.16"]
[WhiteClock "0:00:52"]
[BlackClock "0:00:03"]

1. Nf3 d5 2. g3 g6 3. Bg2 Bg7 4. O-O e5 5. d3 Nc6 6. e4 Nge7 7. Re1 O-O 8. Nbd2 h6 9. c3 f5 10. exd5 Nxd5 11. Nc4 Re8 12. Qb3 Kh7 13. Bd2 Nb6 14. Rad1 Be6 15. Qc2 e4 16. dxe4 Nxc4 17. Bxh6 Qe7 18. exf5 Bxh6 19. Rxe6 Qf8 20. Rd7+ Kh8 21. Nh4 N4e5 22. Bxc6 Rxe6 23. fxe6 bxc6 24. Nxg6+ Nxg6 25. Qxg6 Bg7 26. Qh5+ Kg8 27. Rf7 Qd6 28. Qg6 Qe5 29. f4 Qe1+ 30. Kg2 Qe4+ 31. Qxe4 1-0


[Site "https://www.chess.com"]

[Event "Titled Tuesday Blitz August 16 Late 2022"]
[White "Hansen, Eric"]
[Black "Harshavardhan G B"]
[WhiteFideId "2606771"]
[BlackFideId "25059009"]
[WhiteElo "2568"]
[BlackElo "1890"]
[Result "1-0"]
[Round "03"]
[TimeControl "180+1"]
[Date "2022.08.16"]
[WhiteClock "0:00:12"]
[BlackClock "0:00:03"]

1. e4 e5 2. Nf3 Nc6 3. Bb5 a6 4. Ba4 d6 5. c3 g6 6. d4 Bd7 7. O-O Bg7 8. Re1 Nge7 9. Be3 O-O 10. Nbd2 h6 11. h3 Qe8 12. Bb3 Kh7 13. dxe5 dxe5 14. Qe2 b6 15. Rad1 f5 16. Nf1 f4 17. Bc1 g5 18. N1h2 Ng6 19. Ng4 Na5 20. Bc2 Be6 21. b4 Nc4 22. Rd5 b5 23. Red1 c6 24. Rc5 Rf7 25. Bb3 Rd7 26. a4 Rxd1+ 27. Qxd1 Rd8 28. Qe2 Bxg4 29. hxg4 Nb6 30. axb5 axb5 31. c4 bxc4 32. Bxc4 Bf8 33. Ra5 Bxb4 34. Ra6 Bc5 35. Bb3 Ra8 36. Bb2 Rxa6 37. Qxa6 Qb8 38. Be6 Nd5 39. Qa2 Nb4 40. Qc4 Bd6 41. Bf5 Kg7 42. Bxg6 Kxg6 43. Qe6+ Kh7 44. Nxe5 Bxe5 45. Bxe5 Qb7 46. Qe8 h5 47. Qh8+ Kg6 48. Qxh5# 1-0


[Site "https://www.chess.com"]

[Event "Titled Tuesday Blitz August 16 Late 2022"]
[White "Harshal, Shahi"]
[Black "Gallana, Marco"]
[WhiteFideId "5048257"]
[BlackFideId "824542"]
[WhiteElo "2054"]
[BlackElo "2290"]
[Result "0-1"]
[Round "03"]
[TimeControl "180+1"]
[Date "2022.08.18"]
[WhiteClock "0:00:00"]
[BlackClock "0:00:00"]

1. e4 c5 2. Nf3 Nc6 3. d4 cxd4 4. Nxd4 e5 5. Nb5 d6 6. N1c3 a6 7. Na3 Be7 8. Nd5 Nf6 9. Nxe7 Nxe7 10. Bd3 d5 11. exd5 Nexd5 12. O-O O-O 13. Bg5 h6 14. Bh4 g5 15. Bg3 Nf4 16. Nc4 Qc7 17. Ne3 Be6 18. Bf5 Rfd8 19. Qe1 Qc6 20. Bxe6 Qxe6 21. b3 b5 22. c4 N6h5 23. h3 Rac8 24. cxb5 axb5 25. Ng4 Qc6 26. f3 Nd3 27. Nxe5 Qc5+ 28. Bf2 Qxe5 29. Qb4 Nxb4 0-1


[Site "https://www.chess.com"]

[Event "Titled Tuesday Blitz August 16 Late 2022"]
[White "Holt, Conrad"]
[Black "Golubev, Mikhail"]
[WhiteFideId "2034387"]
[BlackFideId "14100983"]
[WhiteElo "2553"]
[BlackElo "2461"]
[Result "1-0"]
[Round "03"]
[TimeControl "180+1"]
[Date "2022.08.18"]
[WhiteClock "0:00:00"]
[BlackClock "0:00:00"]

1. d4 Nf6 2. c4 g6 3. Nc3 Bg7 4. e4 d6 5. Nf3 O-O 6. h3 Na6 7. Bg5 Qe8 8. Bd3 e5 9. O-O Nh5 10. Bc2 Nf4 11. Bxf4 exf4 12. Qd2 f5 13. Rfe1 fxe4 14. Rxe4 Qf7 15. Nd5 c6 16. Re7 cxd5 17. Rxf7 Rxf7 18. Ng5 Rf8 19. Qa5 Bf6 20. Qxd5+ Kg7 21. Nxh7 Kxh7 22. Qh5+ Kg8 23. Bxg6 1-0


[Site "https://www.chess.com"]

[Event "Titled Tuesday Blitz August 16 Late 2022"]
[White "Isajevsky, Anton"]
[Black "Ardila, Oscar Humberto"]
[WhiteFideId "4142500"]
[BlackFideId "4404742"]
[WhiteElo "2510"]
[BlackElo "1939"]
[Result "1-0"]
[Round "03"]
[TimeControl "180+1"]
[Date "2022.08.18"]
[WhiteClock "0:00:00"]
[BlackClock "0:00:00"]

1. c4 Nf6 2. Nc3 e6 3. Nf3 Be7 4. e4 d6 5. d4 O-O 6. Bd3 Nbd7 7. O-O e5 8. Re1 exd4 9. Nxd4 Nc5 10. Bf1 Bg4 11. f3 Bh5 12. Be3 Re8 13. Qd2 Bf8 14. Nde2 Ne6 15. Rad1 c6 16. Kh1 Qa5 17. Nd5 Qxd2 18. Nxf6+ gxf6 19. Rxd2 Bg6 20. g4 h5 21. h3 hxg4 22. hxg4 Ng5 23. Bg2 a5 24. Kg1 d5 25. cxd5 cxd5 26. Rxd5 Ne6 27. Kf2 Red8 28. Red1 Rxd5 29. Rxd5 Nc7 30. Rd7 Rc8 31. f4 Na6 32. f5 Bh7 33. Rxb7 Nb4 34. Nd4 Nd3+ 35. Ke2 Ne5 36. Bf3 Bc5 37. Nb3 Bxe3 38. Kxe3 Nc4+ 39. Kf4 a4 40. Nd4 Nxb2 41. Rxb2 1-0


[Site "https://www.chess.com"]

[Event "Titled Tuesday Blitz August 16 Late 2022"]
[White "Janaszak, Dawid"]
[Black "Belenkaya, Dina"]
[WhiteFideId "1119206"]
[BlackFideId "24142654"]
[WhiteElo "2331"]
[BlackElo "2293"]
[Result "1-0"]
[Round "03"]
[TimeControl "180+1"]
[Date "2022.08.18"]
[WhiteClock "0:00:00"]
[BlackClock "0:00:00"]

1. e4 e6 2. b3 d5 3. Bb2 d4 4. c3 c5 5. Nf3 Nc6 6. Bb5 Qb6 7. Bxc6+ Qxc6 8. O-O Qxe4 9. cxd4 cxd4 10. Bxd4 Nf6 11. Nc3 Qd3 12. Re1 Bd6 13. Re3 Qf5 14. Be5 Bd7 15. Bxd6 Rd8 16. Bc7 Rc8 17. Bd6 Bc6 18. Nd4 Qd5 19. Nxd5 1-0


[Site "https://www.chess.com"]

[Event "Titled Tuesday Blitz August 16 Late 2022"]
[White "Jorajuria Mendoza, Algol"]
[Black "Omelja, Artem"]
[WhiteFideId "5128897"]
[BlackFideId "14119846"]
[WhiteElo "2157"]
[BlackElo "2484"]
[Result "1-0"]
[Round "03"]
[TimeControl "180+1"]
[Date "2022.08.18"]
[WhiteClock "0:00:00"]
[BlackClock "0:00:00"]

1. e4 c5 2. Nc3 Nc6 3. Bb5 Nd4 4. Nf3 Nxb5 5. Nxb5 e6 6. O-O Nf6 7. e5 Nd5 8. c4 Nb6 9. Qe2 Be7 10. d4 cxd4 11. Nfxd4 O-O 12. Nd6 Qc7 13. b3 Rb8 14. N4b5 Qd8 15. Nxa7 Na8 16. Rd1 Bxd6 17. Rxd6 f6 18. Bb2 fxe5 19. Qxe5 Qe7 20. Rad1 Qf7 21. f3 b5 22. Nxc8 Qf4 23. Qxg7# 1-0


[Site "https://www.chess.com"]

[Event "Titled Tuesday Blitz August 16 Late 2022"]
[White "Kaganskiy, Gleb"]
[Black "Lamaze, Simon"]
[WhiteFideId "4132025"]
[BlackFideId "36069264"]
[WhiteElo "2243"]
[BlackElo "2371"]
[Result "0-1"]
[Round "03"]
[TimeControl "180+1"]
[Date "2022.08.18"]
[WhiteClock "0:00:00"]
[BlackClock "0:00:00"]

1. c4 Nf6 2. Nc3 e6 3. g3 d5 4. d4 a6 5. Bg2 dxc4 6. Nf3 Nc6 7. O-O Rb8 8. e4 b5 9. e5 Nd5 10. Ne4 h6 11. h4 Bb7 12. h5 Ncb4 13. Nh2 Nd3 14. Qg4 c5 15. dxc5 Nxe5 16. Qe2 Nd3 17. Qg4 Nxc5 18. Nxc5 Bxc5 19. Qxg7 Qf6 20. Qg4 Ke7 21. Qe2 Rbg8 22. Ng4 Qf5 23. Nxh6 Rxh6 24. Bxh6 Rxg3 25. Rad1 Rxg2+ 26. Kxg2 0-1


[Site "https://www.chess.com"]

[Event "Titled Tuesday Blitz August 16 Late 2022"]
[White "Kambrath, Yannick"]
[Black "Urazayev, Arystanbek"]
[WhiteFideId "20632525"]
[BlackFideId "13709810"]
[WhiteElo "2236"]
[BlackElo "2441"]
[Result "0-1"]
[Round "03"]
[TimeControl "180+1"]
[Date "2022.08.16"]
[WhiteClock "0:02:24"]
[BlackClock "0:01:44"]

1. e4 e6 2. d4 d5 3. Nd2 Be7 4. Ngf3 Nf6 5. Bd3 c5 6. dxc5 dxe4 7. Nxe4 Nxe4 8. Bxe4 Qxd1+ 9. Kxd1 Bxc5 10. Ke2 f5 11. Bd3 Nc6 12. Bf4 Kf7 13. Bb5 Nd4+ 14. Nxd4 Bxd4 15. c3 Bf6 16. Rhd1 e5 17. Be3 Be6 18. f4 exf4 19. Bxf4 a6 20. Ba4 g5 21. Be3 f4 22. Bd4 Bg4+ 23. Kf2 Bxd1 24. Rxd1 Bxd4+ 25. Rxd4 Rad8 26. Rb4 b5 27. Bb3+ Kf6 28. a4 Rd2+ 29. Kf3 Rxb2 30. axb5 a5 0-1


[Site "https://www.chess.com"]

[Event "Titled Tuesday Blitz August 16 Late 2022"]
[White "Kamsky, Gata"]
[Black "Mikhailov, Viacheslav"]
[WhiteFideId "2000024"]
[BlackFideId "4187369"]
[WhiteElo "2666"]
[BlackElo "2381"]
[Result "1/2-1/2"]
[Round "03"]
[TimeControl "180+1"]
[Date "2022.08.16"]
[WhiteClock "0:01:12"]
[BlackClock "0:01:37"]

1. e4 d6 2. d4 Nf6 3. Nc3 g6 4. Nf3 Bg7 5. Bd3 O-O 6. O-O Bg4 7. h3 Bxf3 8. Qxf3 Nc6 9. Ne2 e5 10. c3 d5 11. exd5 Qxd5 12. Qxd5 Nxd5 13. Be4 Rad8 14. c4 Nb6 15. d5 Nb4 16. Bd2 Na6 17. b3 f5 18. Bc2 c6 19. Bg5 Bf6 20. Bh6 Bg7 21. Bg5 Bf6 22. Bh6 Bg7 23. Bg5 1/2-1/2


[Site "https://www.chess.com"]

[Event "Titled Tuesday Blitz August 16 Late 2022"]
[White "Kashtanov, Ruslan"]
[Black "Abdyzhapar, Asylbek"]
[WhiteFideId "4124871"]
[BlackFideId "13800337"]
[WhiteElo "2168"]
[BlackElo "2323"]
[Result "0-1"]
[Round "03"]
[TimeControl "180+1"]
[Date "2022.08.18"]
[WhiteClock "0:00:00"]
[BlackClock "0:00:00"]

1. d4 Nf6 2. g3 g6 3. Bg2 Bg7 4. e4 O-O 5. Ne2 d6 6. Nbc3 Nbd7 7. O-O c5 8. h3 cxd4 9. Nxd4 a6 10. b3 Re8 11. a4 Qc7 12. Bb2 Rb8 13. Re1 e6 14. Qd2 b6 15. Nde2 Bb7 16. Rad1 Bf8 17. g4 Rbc8 18. Ng3 h6 19. f4 Bc6 20. Nce2 b5 21. axb5 axb5 22. Nd4 e5 23. Nxc6 Qxc6 24. Re2 Bg7 25. f5 Bf8 26. g5 hxg5 27. Qxg5 Nh7 28. Qd2 g5 29. Ba3 Ndf6 30. Kh2 Red8 31. Bf3 Be7 32. Rg2 Kh8 33. Nf1 Qb6 34. Ne3 Rg8 35. Qd3 b4 36. Bb2 Rgd8 37. Nc4 Qc5 38. Qe3 Qxe3 39. Nxe3 Ra8 40. Nc4 Ra2 41. Rgg1 Rc8 42. Ra1 Rxc4 43. Rxa2 Rxc2+ 44. Rg2 Rc7 45. Ra4 Kg7 46. Rxb4 Nd7 47. Ra4 Nc5 48. Rc4 Rb7 49. b4 Nd3 50. Bc3 Nf4 51. Ra2 Nf6 52. Ra6 Nd3 53. Rcc6 d5 54. Rcb6 Rc7 55. Bd2 dxe4 56. Be2 Nf4 57. Bxf4 exf4 58. Rc6 Rd7 59. Bc4 Rd2+ 60. Kg1 f3 61. Ra2 e3 62. Rxd2 exd2 63. Bb3 Ne4 0-1


[Site "https://www.chess.com"]

[Event "Titled Tuesday Blitz August 16 Late 2022"]
[White "Kevlishvili, Robby"]
[Black "Vlassov, Nikolai"]
[WhiteFideId "1040634"]
[BlackFideId "4103360"]
[WhiteElo "2585"]
[BlackElo "2324"]
[Result "0-1"]
[Round "03"]
[TimeControl "180+1"]
[Date "2022.08.16"]
[WhiteClock "0:00:09"]
[BlackClock "0:00:22"]

1. e4 c5 2. Nf3 d6 3. d4 cxd4 4. Nxd4 Nf6 5. Nc3 g6 6. Be3 a6 7. f3 Nbd7 8. Qd2 Qc7 9. Be2 b5 10. O-O Bg7 11. a4 b4 12. Na2 a5 13. c3 bxc3 14. Nxc3 O-O 15. Rfc1 Qb7 16. Ncb5 Nc5 17. e5 dxe5 18. Rxc5 exd4 19. Bxd4 Rd8 20. Bc4 e6 21. Qc3 Nd5 22. Bxd5 Bxd4+ 23. Qxd4 Rxd5 24. Rxd5 Qxd5 25. Qxd5 exd5 26. Rc1 Be6 27. Rc7 Kg7 28. Kf2 Kf6 29. Ke3 h5 30. Kd4 h4 31. Ra7 Rc8 32. Rc7 Rh8 33. b3 g5 34. Ke3 Ke5 35. Nd4 Kd6 36. Ra7 Rc8 37. Kd3 Rc1 38. Rxa5 Rg1 39. Ra6+ Ke5 40. a5 Rxg2 41. Rc6 Rxh2 42. a6 Ra2 43. b4 h3 44. b5 h2 45. Rc1 Ra3+ 46. Ke2 Kxd4 47. Kf2 Ra5 48. Rb1 Rxb5 0-1


[Site "https://www.chess.com"]

[Event "Titled Tuesday Blitz August 16 Late 2022"]
[White "Kim, Sergey"]
[Black "Melaugh, Shane"]
[WhiteFideId "13700570"]
[BlackFideId "2509580"]
[WhiteElo "2295"]
[BlackElo "1946"]
[Result "1-0"]
[Round "03"]
[TimeControl "180+1"]
[Date "2022.08.18"]
[WhiteClock "0:00:00"]
[BlackClock "0:00:00"]

1. d4 e6 2. c4 f5 3. g3 Nf6 4. Bg2 Be7 5. Nh3 O-O 6. O-O d6 7. Nf4 e5 8. Nd5 c6 9. Nxe7+ Qxe7 10. Nc3 Be6 11. d5 Bf7 12. dxc6 bxc6 13. b3 e4 14. Ba3 Rd8 15. f3 exf3 16. Rxf3 Bh5 17. Rd3 Qe5 18. Bb2 Nbd7 19. Rxd6 Bxe2 20. Nxe2 Qxb2 21. Bxc6 Rac8 22. Nf4 Qe5 23. Bd5+ Kh8 24. Re6 Qc7 25. Qd4 Nb6 26. Rd1 Nbxd5 27. cxd5 Rd6 28. Re5 Rcd8 29. Rxf5 Qd7 30. Re5 Qg4 31. Rde1 Qf3 32. R5e3 Qg4 33. Qe5 h6 34. h3 Qd7 35. Kg2 Nxd5 36. Nxd5 Rxd5 37. Qe6 Rd2+ 38. R1e2 Rxe2+ 39. Rxe2 Qb7+ 40. Kh2 Qf3 41. Qe5 Rf8 42. Rg2 Qf1 43. Qd4 Rf3 44. Qxa7 Qd1 45. Qa8+ Kh7 46. Qe4+ Kh8 47. Qc2 Qf1 48. Qe2 Qxe2 49. Rxe2 Kg8 50. Rb2 Rc3 51. b4 Kf7 52. b5 Ke7 53. b6 Kd8 54. b7 1-0


[Site "https://www.chess.com"]

[Event "Titled Tuesday Blitz August 16 Late 2022"]
[White "Kolb, Tobias"]
[Black "Shuvalova, Polina"]
[WhiteFideId "12992321"]
[BlackFideId "24171760"]
[WhiteElo "2355"]
[BlackElo "2510"]
[Result "1-0"]
[Round "03"]
[TimeControl "180+1"]
[Date "2022.08.18"]
[WhiteClock "0:00:00"]
[BlackClock "0:00:00"]

1. e4 c5 2. Nc3 Nc6 3. g3 g6 4. Bg2 Bg7 5. d3 Nf6 6. Be3 d6 7. h3 O-O 8. Qd2 Rb8 9. Nf3 b5 10. O-O b4 11. Nd1 Nd7 12. Nh4 a5 13. Bh6 a4 14. Bxg7 Kxg7 15. f4 a3 16. b3 e5 17. f5 Nd4 18. Ne3 f6 19. fxg6 hxg6 20. Bf3 Rf7 21. Bg4 Nf8 22. Rf2 Bxg4 23. Nxg4 Nfe6 24. Qh6+ Kg8 25. Qxg6+ Rg7 26. Nxf6+ 1-0


[Site "https://www.chess.com"]

[Event "Titled Tuesday Blitz August 16 Late 2022"]
[White "Kopczynski, Michal"]
[Black "Wu, Rochelle"]
[WhiteFideId "1124200"]
[BlackFideId "30908132"]
[WhiteElo "2225"]
[BlackElo "2195"]
[Result "0-1"]
[Round "03"]
[TimeControl "180+1"]
[Date "2022.08.18"]
[WhiteClock "0:00:00"]
[BlackClock "0:00:00"]

1. e4 c5 2. d4 cxd4 3. c3 dxc3 4. Nxc3 g6 5. f4 Bg7 6. Nf3 Nc6 7. Bc4 d6 8. O-O Nf6 9. Kh1 O-O 10. Qe1 a6 11. Qh4 b5 12. Bb3 b4 13. Nd5 Nxe4 14. Ng5 Nxg5 15. fxg5 Nd4 16. Bc4 Nf5 17. Qe1 Be6 18. Qxb4 Rb8 19. Qa4 Bxb2 20. Bxb2 Rxb2 21. Rae1 Bxd5 22. Bxd5 e6 23. Bf3 Qxg5 24. Qxa6 Qh4 25. Kg1 d5 26. a4 Nd4 27. Bd1 Qg5 28. g3 Qd2 0-1


[Site "https://www.chess.com"]

[Event "Titled Tuesday Blitz August 16 Late 2022"]
[White "Korchmar, Vasiliy"]
[Black "Mendez Fortes, Eduardo Jesus"]
[WhiteFideId "24131750"]
[BlackFideId "3502376"]
[WhiteElo "2370"]
[BlackElo "2307"]
[Result "1-0"]
[Round "03"]
[TimeControl "180+1"]
[Date "2022.08.18"]
[WhiteClock "0:00:00"]
[BlackClock "0:00:00"]

1. e4 e5 2. Nf3 Nc6 3. Nc3 Nf6 4. h3 Bb4 5. Nd5 Ba5 6. c3 d6 7. d4 h6 8. b4 Bb6 9. a4 a6 10. Nxb6 cxb6 11. Bd3 Qe7 12. O-O g5 13. dxe5 dxe5 14. b5 Na5 15. Ba3 Qc7 16. Rc1 g4 17. Nh4 gxh3 18. Qf3 h2+ 19. Kh1 Ng4 20. Nf5 Bxf5 21. Qxf5 h5 22. Be2 Nc4 23. Bxc4 Qxc4 24. f3 Qe6 25. Qxe6+ fxe6 26. fxg4 axb5 27. g5 Rxa4 28. Bb4 Rg8 29. Rcd1 Ra2 30. g6 Rb2 31. g7 Rxb4 32. Rf8+ Rxf8 33. gxf8=Q+ Kxf8 34. cxb4 1-0


[Site "https://www.chess.com"]

[Event "Titled Tuesday Blitz August 16 Late 2022"]
[White "Kravtsiv, Martyn"]
[Black "Maltsevskaya, Aleksandra"]
[WhiteFideId "14113147"]
[BlackFideId "24174041"]
[WhiteElo "2694"]
[BlackElo "2243"]
[Result "0-1"]
[Round "03"]
[TimeControl "180+1"]
[Date "2022.08.16"]
[WhiteClock "0:00:02"]
[BlackClock "0:00:06"]

1. e4 c5 2. Nf3 Nc6 3. d4 cxd4 4. Nxd4 e6 5. Nc3 a6 6. Be2 Nf6 7. O-O Qc7 8. Be3 Be7 9. f4 d6 10. Kh1 O-O 11. Qe1 Nxd4 12. Bxd4 b5 13. Qg3 Bb7 14. a3 g6 15. f5 e5 16. Be3 d5 17. exd5 Nxd5 18. Nxd5 Bxd5 19. f6 Bc5 20. Rad1 Rfd8 21. Bxc5 Qxc5 22. Qg5 Bb7 23. b4 Qc6 24. Bf3 e4 25. Be2 Rxd1 26. Rxd1 Re8 27. c4 bxc4 28. Bxc4 e3 29. Re1 e2 30. h3 Qxc4 31. Qh6 Bxg2+ 32. Kh2 Qc7+ 33. Kxg2 Qc6+ 34. Kh2 Qxf6 35. Qd2 Qf2+ 36. Kh1 Re3 37. Qd8+ Kg7 38. Qd4+ f6 39. Qd7+ Kh6 0-1


[Site "https://www.chess.com"]

[Event "Titled Tuesday Blitz August 16 Late 2022"]
[White "Kruckenhauser, Arthur"]
[Black "Gorodetzky, David"]
[WhiteFideId "1642812"]
[BlackFideId "2813416"]
[WhiteElo "2218"]
[BlackElo "2487"]
[Result "1-0"]
[Round "03"]
[TimeControl "180+1"]
[Date "2022.08.16"]
[WhiteClock "0:01:26"]
[BlackClock "0:00:15"]

1. e4 e5 2. Nf3 Nc6 3. Bb5 Nge7 4. Nc3 Ng6 5. d4 Nxd4 6. Nxd4 exd4 7. Qxd4 c6 8. Bc4 b5 9. Bb3 Qb6 10. Qd3 Bc5 11. Qg3 a5 12. a4 b4 13. Ne2 Ba6 14. Nf4 O-O 15. h4 Rae8 16. f3 d5 17. h5 Nxf4 18. Bxf4 Be3 19. h6 g6 20. Rd1 dxe4 21. Rd6 Bxf4 22. Qxf4 exf3+ 23. Kd1 fxg2 24. Rxg6+ hxg6 25. h7+ Kg7 26. h8=Q+ 1-0


[Site "https://www.chess.com"]

[Event "Titled Tuesday Blitz August 16 Late 2022"]
[White "Krzywda, Andrzej"]
[Black "Atanasov, Anthony"]
[WhiteFideId "1114565"]
[BlackFideId "2623897"]
[WhiteElo "2246"]
[BlackElo "2150"]
[Result "1-0"]
[Round "03"]
[TimeControl "180+1"]
[Date "2022.08.18"]
[WhiteClock "0:00:00"]
[BlackClock "0:00:00"]

1. e4 c5 2. Nc3 Nc6 3. Bb5 Nd4 4. Nf3 a6 5. Bd3 Nc6 6. O-O e6 7. b3 g5 8. Bb2 b6 9. Re1 Bg7 10. h3 Bb7 11. e5 d5 12. exd6 h6 13. Qe2 Nf6 14. Ne4 O-O 15. Nxf6+ Bxf6 16. Qe4 Re8 17. Qh7+ Kf8 18. Qxh6+ Kg8 19. Bxf6 1-0


[Site "https://www.chess.com"]

[Event "Titled Tuesday Blitz August 16 Late 2022"]
[White "Krzyzanowski, Marcin"]
[Black "Solon, Nathan"]
[WhiteFideId "1132199"]
[BlackFideId "2017229"]
[WhiteElo "2396"]
[BlackElo "2655"]
[Result "1-0"]
[Round "03"]
[TimeControl "180+1"]
[Date "2022.08.16"]
[WhiteClock "0:00:35"]
[BlackClock "0:00:03"]

1. d4 d5 2. Nf3 Nf6 3. Bf4 e6 4. e3 Bd6 5. Nbd2 O-O 6. c3 c5 7. Bg3 Qc7 8. Ne5 Nc6 9. f4 Ne7 10. Bd3 Nf5 11. Bf2 Be7 12. g4 Nd6 13. g5 Nfe4 14. Nxe4 dxe4 15. Be2 b6 16. h4 Bb7 17. h5 cxd4 18. cxd4 Rac8 19. g6 Qc2 20. gxf7+ Nxf7 21. Nxf7 Bb4+ 22. Kf1 Rxf7 23. Kg2 Rxf4 24. Rc1 Qxc1 25. Qxc1 Rxc1 26. Rxc1 Rf7 27. Bg4 Bd5 28. a3 Bd6 29. Bg3 Bxg3 30. Kxg3 Re7 31. Kf4 h6 32. Ke5 g5 33. hxg6 Kg7 34. Bh5 a5 35. Kd6 Rb7 36. b4 axb4 37. axb4 b5 38. Rf1 Ra7 39. Kc5 Rb7 40. Ra1 Kf6 41. Kd6 Kg5 42. Rg1+ Kxh5 43. g7 Rb6+ 44. Ke5 Rb8 45. g8=Q Rxg8 46. Rxg8 Kh4 47. Rg1 h5 48. Kf4 Kh3 49. Rh1+ Kg2 50. Rxh5 1-0


[Site "https://www.chess.com"]